 Dungeon Crawl Stone Soup version 0.30-a0-341-g682706514a (webtiles) character file.

Game seed: 12977172792098827782

314022 HoaS the Crack Shot (level 21, 0/149 (151) HPs)
             Began as a Tengu Hunter on Nov 3, 2022.
             Was the Champion of Makhleb.
             Killed by a resonance strike
             ... invoked by Zenata
              (31 damage)
             ... on level 1 of the Elven Halls.
             The game lasted 01:44:14 (34273 turns).

HoaS the Crack Shot (Tengu Hunter)                 Turns: 34273, Time: 01:44:15

HP:   0/149 (151)   AC: 18    Str: 12    XL:     21   Next: 34%
MP:   22/22         EV: 55    Int: 10    God:    Makhleb [******]
Gold: 2066          SH:  0    Dex: 40    Spells: 20/20 levels left

rFire   + . .      SeeInvis .    u - +9 longbow (vorpal)
rCold   + . .      Faith    .    (shield currently unavailable)
rNeg    . . .      Spirit   .    r - +5 steam dragon scales
rPois   .          Reflect  .    H - +2 hat
rElec   +          Harm     .    k - +2 cloak
rCorr   .          Rampage  .    N - +2 pair of gloves of Resourcefulness {rElec rF+ rC+ Regen+}
Will    +....                    (boots unavailable)
Stlth   +++.......               n - amulet of regeneration
HPRegen 2.04/turn                I - +6 ring of dexterity
MPRegen 0.18/turn                x - +6 ring of dexterity

@: flying quickly and evasively, studying Summonings, lightly drained, quick
A: beak, talons 3, nimble flight
}: 2/15 runes: barnacled, gossamer
a: Renounce Religion, Minor Destruction, Lesser Servant of Makhleb, Major
Destruction, Greater Servant of Makhleb


You were on level 1 of the Elven Halls.
You worshipped Makhleb.
Makhleb was exalted by your worship.
You visited 9 branches of the dungeon, and saw 37 of its levels.
You visited the Abyss 1 time.
You also visited: Ossuary and Bailey.

You collected 4310 gold pieces.
You spent 2244 gold pieces at shops.

Inventory:

Hand Weapons
 c - a +0 triple crossbow of flaming
 u - a +9 vorpal longbow (weapon)
Missiles
 g - 11 throwing nets
Armour
 k - a +2 cloak (worn)
 r - +5 steam dragon scales (worn)
 H - a +2 hat (worn)
 N - the +2 pair of gloves of Resourcefulness (worn) {rElec rF+ rC+ Regen+}
   (You acquired it on level 15 of the Dungeon)

   rF:        It protects you from fire.
   rC:        It protects you from cold.
   rElec:     It insulates you from electricity.
   Regen:     It increases your rate of health regeneration.
Jewellery
 n - an amulet of regeneration (around neck)
 o - the ring "Lull" {+Blink rC+ EV+4 Int+3 SInv}
   (You acquired it on level 5 of the Dungeon)

   [ring of evasion]

   EV:        It affects your evasion (+4).
   Int:       It affects your intelligence (+3).
   rC:        It protects you from cold.
   SInv:      It lets you see invisible.
   +Blink:    It lets you blink.
 x - a +6 ring of dexterity (right hand)
 y - a ring of fire
 I - a +6 ring of dexterity (left hand)
 J - a ring of protection from fire
 M - a ring of poison resistance
 O - the ring "Wafeoj" {+Blink rPois Slay+2}
   (You found it on level 2 of the Spider Nest)

   [ring of poison resistance]

   Slay:      It affects your accuracy & damage with ranged weapons and melee
   (+2).
   rPois:     It protects you from poison.
   +Blink:    It lets you blink.
 U - a ring of protection from cold
Wands
 a - a wand of flame (36)
 h - a wand of acid (23)
 m - a wand of roots (38)
 p - a wand of paralysis (43)
 v - a wand of polymorph (19)
 G - a wand of mindburst (20)
Scrolls
 b - 10 scrolls of immolation
 f - 7 scrolls of noise
 j - 16 scrolls of butterflies
 z - a scroll of silence
 B - 6 scrolls of magic mapping
 C - 31 scrolls of identify
 F - 9 scrolls of teleportation
 K - 3 scrolls of blinking
 P - a scroll of summoning
 Q - 2 scrolls of poison
 R - a scroll of enchant armour
 T - 3 scrolls of fear
Potions
 d - 27 potions of curing
 e - 13 potions of ambrosia
 i - 6 potions of berserk rage
 l - 11 potions of lignification
 q - 3 potions of might
 s - 6 potions of heal wounds
 w - 4 potions of mutation
 A - 4 potions of cancellation
 D - 7 potions of haste
 E - 11 potions of attraction
 L - 5 potions of invisibility
Miscellaneous
 t - a condenser vane


   Skills:
 - Level 22.0 Fighting
 + Level 22.5 Ranged Weapons
 - Level 22.0 Dodging
 - Level 1.0 Stealth
 - Level 12.0 Evocations


You had 20 spell levels left.
You didn't know any spells.
Your spell library contained the following spells:

 Spells                   Type           Power      Damage    Failure   Level
 Apportation              Tloc           0%         N/A       36%         1
 Kiss of Death            Conj/Necr      0%         2d5       36%         1
 Necrotise                Necr           0%         1d4       36%         1
 Shock                    Conj/Air       0%         1d3       36%         1
 Cigotuvi's Dreadful Rot  Necr/Pois/Air  0%         N/A       50%         2
 Poisonous Vapours        Pois/Air       0%         N/A       50%         2
 Confusing Touch          Hex            0%         N/A       75%         3
 Dazzling Flash           Conj/Hex       0%         N/A       75%         3
 Gell's Gravitas          Tloc           0%         N/A       75%         3
 Inner Flame              Hex/Fire       0%         N/A       75%         3
 Lesser Beckoning         Tloc           0%         N/A       75%         3
 Mephitic Cloud           Conj/Pois/Air  0%         N/A       75%         3
 Swiftness                Air            0%         N/A       75%         3
 Teleport Other           Tloc           0%         N/A       75%         3
 Vampiric Draining        Necr           0%         2d6       75%         3
 Airstrike                Air            0%         2d(0-16)  98%         4
 Dispel Undead            Necr           0%         3d6       98%         4
 Flame Wave               Conj/Fire      0%         2d4       98%         4
 Sticky Flame             Conj/Fire      0%         2d3       98%         4
 Agony                    Necr           0%         N/A       100%        5
 Alistair's Intoxication  Tmut/Pois      0%         N/A       100%        5
 Silence                  Hex/Air        0%         N/A       100%        5
 Summon Forest            Summ/Tloc      0%         N/A       100%        5
 Eringya's Noxious Bog    Tmut/Pois      0%         N/A       100%        6
 Summon Hydra             Summ           0%         N/A       100%        7


Dungeon Overview and Level Annotations

Branches:
Dungeon (15/15)            Temple (1/1) D:6            Lair (5/5) D:10
 Shoals (4/4) Lair:2       Spider (4/4) Lair:3        Slime (0/5) Lair:5
    Orc (2/2) D:9             Elf (1/3) Orc:2        Vaults (4/5) D:13
  Crypt (0/3) Vaults:2     Depths (1/4) D:15        Ossuary (visited)
 Bailey (visited)

Altars:
Ashenzari
Cheibriados
Dithmenos
Elyvilon
Fedhas
Gozag
Hepliaklqana
Kikubaaqudgha
Makhleb
Nemelex Xobeh
Okawaru
Qazlal
Ru
Sif Muna
Trog
Uskayaw
Vehumet
Wu Jian
Xom
Yredelemnul
Zin
The Shining One
Jiyva

Shops:
D:6 (   D:13 *=(([   Orc:2 ((![   Vaults:1 [*(*   Vaults:2 *

Portals:
Trove: D:14 (give +3 gold dragon scales)

Annotations:
D:14 2 transporters, Antidghioha's ghost, journeyman GrEE
Elf:1 Zenata
Vaults:4 2 runed translucent doors, Iwinoaro's ghost, adept DjSu


Innate Abilities, Weirdness & Mutations

You have a beak for a mouth.
You have claws for feet.
Your magical nature lets you fly swiftly and evasively.


Message History

The +2 dire flail of holy wrath completely misses you.
The +2 vorpal glaive hits you from afar!!
The +4 mace of draining completely misses you.
The +5 vorpal battleaxe completely misses you.
The +0 vorpal war axe misses you.
Fire: u) +9 longbow (vorpal)
Press: ? - help, Q - select action, (/) - cycle Shift-Dir - straight line, f/p - Zenata
Aim: Zenata, wielding a +3 triple sword and wearing a +2 ring mail of cold resistance (almost dead, 84% to hit)
You shoot an arrow. The arrow hits Zenata.
Zenata is almost dead.
The +2 dire flail of holy wrath completely misses you.
The +3 trident of flaming completely misses you.
The +4 mace of draining completely misses you.
The +2 vorpal glaive completely misses you.
The +5 vorpal battleaxe completely misses you.
The orc warrior completely misses you. x2
The orc high priest completely misses you.
Zenata misses you. The +0 vorpal war axe hits you!
The +2 dire flail of holy wrath completely misses you.
The +3 trident of flaming completely misses you.
Fire: u) +9 longbow (vorpal)
Press: ? - help, Q - select action, (/) - cycle Shift-Dir - straight line, f/p - Zenata
Aim: Zenata, wielding a +3 triple sword and wearing a +2 ring mail of cold resistance (almost dead, 84% to hit)
You shoot an arrow.
The arrow hits Zenata but does no damage.
Zenata is almost dead.
You hear a shout!
The +4 mace of draining completely misses you.
The +2 dire flail of holy wrath closely misses you.
The +0 vorpal war axe hits you.
The +2 vorpal glaive closely misses you.
The +3 trident of flaming misses you. The +5 vorpal battleaxe hits you.
* * * LOW HITPOINT WARNING * * *
x2 The +4 mace of draining completely misses you.
The deep elf demonologist completely misses you.
The orc warrior completely misses you. The orc warrior misses you.
The orc high priest completely misses you.
Zenata casts a spell at you.
A blast of power from the earth and the adjacent constructs strikes you!
You die...

....#.# .......#.#.#..#
.... # .......#......
.... # #.......#.#.#
.... #
####..###.#.#.###... #
#......##.#.......#
###.##..)##.#...)..#
...............((((##
............#..o@a(o#
.........##.#...(eo....#
###.##......#...o.##e.#)
# #......#..#....## [# #
####......#....# #
##......###..
##########..## ##..
.....##....## #..
.#.#.##)#.##


You could see Zenata, an orc high priest, a deep elf demonologist, a deep elf
pyromancer, 2 orc warriors, 6 dancing weapons and an orc.

Vanquished Creatures
  Arachne (Spider:2)
  A bone dragon (Vaults:2)
  The ghost of RatherSlowDeath the Fencer, an adept DsEE of Lugonu (Vaults:2)
  3 sphinxes (Shoals:4)
  The ghost of gabibbone the Tortoise, an adept AtBr of Dithmenos (Spider:4)
  4 krakens (Shoals:2)
  Ilsuiw (Shoals:3)
  Kirke (Lair:3)
  Donald (Shoals:2)
  A shadow dragon (Vaults:3)
  A frost giant (Depths:1)
  3 emperor scorpions
  4 ghost moths (Spider:4)
  11 vault wardens
  A deep elf elementalist (Elf:1)
  Louise (Spider:4)
  2 orc warlords
  15 ironbound preservers
  A broodmother (Spider:2)
  8 ironbound thunderhulks
  3 war gargoyles
  A minotaur (Shoals:4)
  3 spark wasps (Spider:4)
  8 dire elephants
  An ettin (D:15)
  A crystal guardian (Vaults:2)
  7 entropy weavers
  4 merfolk impalers
  Harold (D:9)
  7 vault guards
  7 great orbs of eyes
  A merfolk avatar (Shoals:1)
  The ghost of Hifruza the Eclecticist, a journeyman DEIE of Vehumet (Lair:3)
  3 hydras
  2 jorogumos
  An ice dragon (Depths:1)
  8 yaktaur captains
  An ogre mage (D:14)
  6 merfolk aquamancers
  3 peacekeepers
  8 centaur warriors
  2 catoblepae
  2 alligator snapping turtles
  3 ironbound frosthearts
  A radroach (Spider:3)
  13 satyrs (Shoals:4)
  3 boulder beetles
  4 two-headed ogres
  5 death yaks
  Erica (D:8)
  4 tengu warriors
  2 death scarabs (Spider:4)
  Urug (D:12)
  A dancing weapon (Elf:1)
  A vampire mage (Depths:1)
  3 orc high priests (Orc:2)
  2 deep elf knights
  A shadow wraith (Depths:1)
  A spectral ghost moth (Spider:4)
  A skeletal warrior (D:13)
  8 pharaoh ants
  42 deep trolls
  7 sea snakes
  2 glowing orange brains
  5 orb spiders
  8 wizards
  5 steelbarb worms
  11 ironbound convokers
  14 lindwurms
  13 orc knights
  8 deep elf pyromancers
  32 harpies
  A tengu zombie (Vaults:1)
  4 necromancers
  A harpy (shapeshifter) (D:15)
  8 deep elf zephyrmancers
  A fire giant zombie (Vaults:2)
  23 ugly things
  13 fauns
  A moth of wrath (shapeshifter) (Vaults:1)
  7 cyclopes
  7 orc sorcerers
  18 slime creatures
  32 wolf spiders
  25 manticores
  A moth of wrath (Spider:2)
  An elephant (shapeshifter) (Vaults:2)
  A guardian serpent (Lair:5)
  8 elephants (Lair:5)
  9 merfolk sirens
  10 black mambas
  An eye of devastation (Lair:5)
  8 vault sentinels
  5 torpor snails
  7 water nymphs
  4 gargoyles
  13 cane toads
  Maggie (D:8)
  4 centaur skeletons (D:13)
  4 rime drakes
  7 komodo dragons
  An unseen horror (D:11)
  2 human skeletons
  8 demonic crawlers
  2 efreet
  A ghost moth simulacrum (Spider:4)
  The ghost of minbekrie the Ruffian, an amateur TrMo (D:4)
  A queen bee (Lair:2)
  A troll (shapeshifter) (D:15)
  17 yaktaurs
  Psyche (D:9)
  2 trolls
  A tengu conjurer (D:13)
  10 polar bears (Lair:5)
  7 wind drakes
  14 merfolk
  A wolf spider simulacrum (Spider:4)
  A slime creature (shapeshifter) (D:15)
  10 hornets
  20 tarantellas
  10 snapping turtles
  3 raiju (Lair:5)
  21 blink frogs
  18 dream sheep
  24 jumping spiders
  2 air elementals (Elf:1)
  2 centaur simulacra
  6 shadows
  35 culicivoras
  A spriggan (D:14)
  21 water elementals
  5 wraiths
  A spriggan (shapeshifter) (D:14)
  10 wyverns
  53 yaks
  A fire elemental (Elf:1)
  A hog (Lair:3)
  21 vampire mosquitoes
  64 redbacks
  4 basilisks
  An elf simulacrum (Vaults:1)
  3 steam dragons
  Menkaure (D:6)
  A glowing shapeshifter zombie (Vaults:2)
  6 wargs
  2 acid dragons
  A floating eye (Lair:4)
  14 hell hounds (Lair:5)
  33 orc warriors
  20 water moccasins
  A sky beast (D:7)
  An ice beast (D:6)
  15 black bears
  26 wolves
  3 ogres
  4 boggarts
  8 centaurs
  2 phantoms
  2 elf zombies (Ossuary)
  12 bullfrogs
  5 kobold brigands
  2 entropy weaver simulacra (Spider:4)
  4 necrophages
  3 scorpions
  6 wights
  A troll zombie (D:9)
  28 killer bees
  2 howler monkeys
  4 electric eels
  A gnoll bouda (D:6)
  3 human zombies (Ossuary)
  13 orc priests
  2 hounds
  3 jellies
  4 iguanas
  29 orc wizards
  5 hell rats (Lair:2)
  7 ogre zombies (D:9)
  2 mummies (Ossuary)
  8 gnolls
  13 adders
  A shadow imp (D:6)
  14 white imps
  6 ufetubi
  An adder zombie (Ossuary)
  A worm (D:2)
  6 dart slugs
  58 orcs
  15 ball pythons
  2 bats (D:3)
  3 endoplasms
  6 giant cockroaches
  15 goblins
  9 hobgoblins
  6 jackals
  38 kobolds
  4 quokkas
  3 training dummies (D:6)
  2 goblin skeletons (D:9)
  2 goblin zombies
  10 hobgoblin zombies
  3 jackal zombies (Ossuary)
  10 kobold zombies (Ossuary)
  An orc skeleton (D:9)
  27 orc zombies
  4 rats
  3 rat zombies
  A spectral goblin (D:1)
  7 tentacles (Shoals:2)
1533 creatures vanquished.

Vanquished Creatures (others)
  A sun moth (Spider:1)
  A spectral wolf spider (Spider:4)
  42 fungi
  96 plants
  14 tentacles (Shoals:2)
154 creatures vanquished.

Grand Total: 1687 creatures vanquished

Notes
Turn   | Place    | Note
-------+----------+-------------------------------------------
     0 | D:1      | HoaS the Tengu Hunter began the quest for the Orb.
     0 | D:1      | Reached XP level 1. HP: 12/12 MP: 2/2
   174 | D:1      | Reached XP level 2. HP: 17/17 MP: 3/3
   183 | D:1      | Reached skill level 5 in Ranged Weapons
   236 | D:1      | Found a faded altar of an unknown god.
   688 | D:2      | Reached XP level 3. HP: 21/21 MP: 4/4
   918 | D:2      | Reached XP level 4. HP: 23/26 MP: 5/5
  1377 | D:3      | Gained mutation: Your magical nature lets you fly swiftly
                  | and evasively. [Tengu growth]
  1377 | D:3      | Reached XP level 5. HP: 19/30 MP: 6/6
  2297 | D:4      | Reached XP level 6. HP: 35/35 MP: 7/7
  2498 | D:4      | Found a large runed translucent door.
  2599 | D:4      | Found a large runed translucent door.
  2600 | D:4      | Noticed minbekrie's ghost (amateur TrMo)
  2853 | D:5      | Entered Level 5 of the Dungeon
  3070 | D:5      | Reached XP level 7. HP: 28/40 MP: 8/8
  3461 | D:5      | Reached skill level 10 in Ranged Weapons
  3564 | D:5      | Reached XP level 8. HP: 37/44 MP: 9/9
  3580 | D:5      | Identified a scroll of acquirement
  3580 | D:5      | Acquired the ring "Lull" {+Blink rC+ EV+4 Int+3 SInv}
  3811 | D:6      | Reached skill level 1 in Evocations
  3913 | D:6      | Noticed Menkaure
  3923 | D:6      | Killed Menkaure
  4145 | D:6      | Found a staircase to the Ecumenical Temple.
  4150 | Temple   | Entered the Ecumenical Temple
  4349 | Temple   | Became a worshipper of Makhleb the Destroyer
  4434 | D:6      | Noticed a shadow
  4438 | D:6      | Killed a shadow
  4449 | D:6      | Found Laoruet's Firing Range.
  4458 | D:6      | Bought a +0 triple crossbow for 130 gold pieces
  4581 | D:6      | Reached XP level 9. HP: 48/48 MP: 10/10
  4875 | D:6      | Reached skill level 5 in Evocations
  5061 | D:7      | Reached * piety under Makhleb
  5316 | D:7      | Found a sand-covered staircase.
  5323 | Ossuary  | Entered an ossuary
  5430 | Ossuary  | Reached ** piety under Makhleb
  5480 | Ossuary  | Reached XP level 10. HP: 53/53 MP: 11/11
  6244 | D:8      | Noticed Maggie
  6585 | D:9      | Noticed Erica
  6644 | D:8      | Paralysed by Maggie for 3 turns
  6661 | D:8      | Killed Maggie
  6775 | D:8      | Killed Erica
  6776 | D:8      | Reached skill level 15 in Ranged Weapons
  6814 | D:9      | Noticed Harold
  6830 | D:9      | Killed Harold
  6837 | D:9      | Noticed Psyche
  6838 | D:9      | Killed Psyche
  6859 | D:9      | Reached XP level 11. HP: 57/57 MP: 12/12
  6873 | D:9      | Reached *** piety under Makhleb
  6903 | D:9      | Found a staircase to the Orcish Mines.
  6933 | D:9      | Found a flagged portal.
  6947 | Bailey   | Entered a bailey
  7024 | Bailey   | Reached **** piety under Makhleb
  7045 | Bailey   | Noticed an orc knight
  7050 | Bailey   | Killed an orc knight
  7444 | D:6      | Bought a +0 triple crossbow for 130 gold pieces
  7925 | D:10     | Entered Level 10 of the Dungeon
  8021 | D:10     | Noticed a two-headed ogre
  8025 | D:10     | Killed a two-headed ogre
  8032 | D:10     | Found a staircase to the Lair.
  8051 | D:10     | Noticed a cyclops
  8055 | D:10     | Killed a cyclops
  8176 | D:10     | Found a shimmering blue altar of Sif Muna.
  8177 | D:10     | Found an ornate altar of the Wu Jian Council.
  8224 | D:10     | Noticed a tengu warrior
  8231 | D:10     | Killed a tengu warrior
  8282 | D:10     | Reached ***** piety under Makhleb
  8692 | Orc:1    | Entered Level 1 of the Orcish Mines
  9216 | Orc:1    | Reached XP level 12. HP: 62/62 MP: 13/13
  9661 | Orc:2    | Entered Level 2 of the Orcish Mines
  9661 | Orc:2    | Noticed an orc warlord
  9720 | Orc:2    | Found a staircase to the Elven Halls.
  9982 | Orc:2    | Killed an orc warlord
 10214 | Orc:2    | Reached skill level 10 in Evocations
 10283 | Orc:2    | Found Esaum's Antique Armour Shop.
 10297 | Orc:2    | Noticed an orc high priest
 10302 | Orc:2    | Noticed a sun demon
 10316 | Orc:2    | Paralysed by an orc sorcerer for 4 turns
 10324 | Orc:2    | Reached ****** piety under Makhleb
 10346 | Orc:2    | Paralysed by an orc sorcerer for 3 turns
 10363 | Orc:2    | Noticed an orc high priest
 10366 | Orc:2    | Noticed an orc high priest
 10371 | Orc:2    | Killed an orc high priest
 10380 | Orc:2    | Killed an orc high priest
 10404 | Orc:2    | Found Luejautref's Distillery.
 10408 | Orc:2    | Bought a cloak for 184 gold pieces
 10414 | Orc:2    | Killed an orc high priest
 10415 | Orc:2    | Reached XP level 13. HP: 66/66 MP: 14/14
 10418 | Orc:2    | Bought a potion of heal wounds for 65 gold pieces
 10418 | Orc:2    | Found Jadd's Weapon Shoppe.
 10420 | Orc:2    | Found Mesuq's Weapon Shop.
 10426 | Orc:2    | Bought a +5 vorpal longbow for 403 gold pieces
 10649 | Lair:1   | Entered Level 1 of the Lair of Beasts
 10874 | D:11     | Found a gate leading to a gauntlet.
 11492 | Lair:1   | Identified the +5 dagger "Concordance" {vorpal, rElec rPois
                  | rF+ Int-3}
 12426 | Lair:2   | Identified the +1 leather armour of Lialefre {*Corrode
                  | rPois rN+++ Regen+}
 12915 | Lair:2   | Found a staircase to the Shoals.
 13170 | Lair:3   | Found a hole to the Spider Nest.
 13379 | Lair:3   | Found a runed translucent door.
 13382 | Lair:3   | Noticed Hifruza's ghost (journeyman DEIE)
 13470 | Lair:3   | Noticed Kirke
 13511 | Lair:3   | Killed Kirke
 13805 | D:4      | Killed minbekrie's ghost
 14212 | Lair:3   | Killed Hifruza's ghost
 14213 | Lair:3   | Reached skill level 5 in Dodging
 14213 | Lair:3   | Reached XP level 14. HP: 76/76 MP: 15/15
 14398 | Lair:4   | Reached skill level 5 in Fighting
 15056 | Lair:5   | Entered Level 5 of the Lair of Beasts
 15059 | Lair:5   | Found an ornate altar of the Wu Jian Council.
 15090 | Lair:5   | Found a hide-covered altar of Uskayaw.
 15443 | Lair:5   | Noticed a dire elephant
 15459 | Lair:5   | Killed a dire elephant
 15613 | Lair:5   | Reached XP level 15. HP: 89/89 MP: 16/16
 15714 | Lair:5   | Reached skill level 10 in Dodging
 15745 | Lair:5   | Identified the +5 battleaxe of Patterns {spect, rF+ Stlth+}
 15981 | Lair:5   | Paralysed by a floating eye for 3 turns
 15991 | Lair:4   | Paralysed by a floating eye for 3 turns
 16127 | Lair:5   | Found a viscous altar of Jiyva.
 16135 | Lair:5   | Found a staircase to the Slime Pits.
 16385 | Lair:5   | Reached skill level 10 in Fighting
 16667 | Lair:5   | Identified the +0 cloak of Least Resistance {*Corrode rF+
                  | rN+++ Stlth+}
 17004 | D:12     | Noticed Urug
 17008 | D:12     | Killed Urug
 17522 | D:12     | Found an ornate altar of the Wu Jian Council.
 17546 | D:13     | Found Wiud's Antique Weapon Boutique.
 17646 | D:13     | Found Lenepeic's Armour Emporium.
 17710 | D:13     | Found Woasy's Jewellery Shoppe.
 17716 | D:13     | Bought a +6 ring of dexterity for 648 gold pieces
 17867 | D:13     | Reached XP level 16. HP: 100/100 MP: 17/17
 17930 | D:13     | Found Viadd's Weapon Shoppe.
 18026 | D:13     | Found Cyidis's General Store.
 18030 | D:13     | Bought a scroll of enchant weapon for 142 gold pieces
 18207 | D:13     | Found a gate to the Vaults.
 18531 | D:14     | Found a portal to a secret trove of treasure.
 18556 | D:14     | Found a transporter.
 18608 | D:14     | Noticed Antidghioha's ghost (journeyman GrEE)
 18683 | D:14     | Found a transporter.
 19066 | D:14     | Identified the -1 hat of Resilience {*Corrode +Blink rN+
                  | Dex+3}
 19255 | D:15     | Entered Level 15 of the Dungeon
 19422 | D:15     | Found a blossoming altar of Fedhas.
 19570 | D:15     | Found a staircase to the Depths.
 19860 | D:15     | Acquired the +2 pair of gloves of Resourcefulness {rElec
                  | rF+ rC+ Regen+}
 20035 | Spider:1 | Entered Level 1 of the Spider Nest
 21237 | Spider:2 | Noticed Arachne
 21342 | Spider:2 | Reached skill level 15 in Dodging
 21360 | Spider:2 | Reached XP level 17. HP: 110/110 MP: 18/18
 21376 | Spider:2 | Identified the ring "Wafeoj" {+Blink rPois Slay+2}
 21777 | Spider:2 | Killed Arachne
 22872 | Spider:4 | Entered Level 4 of the Spider Nest
 22910 | Spider:4 | Noticed Louise
 22922 | Spider:4 | Killed Louise
 22923 | Spider:4 | Reached skill level 15 in Fighting
 23119 | Spider:4 | Noticed gabibbone's ghost (adept AtBr)
 23122 | Spider:4 | Found a transporter.
 23142 | Spider:4 | Found a transporter.
 24232 | Spider:4 | Reached XP level 18. HP: 110/120 MP: 0/19
 24412 | Spider:4 | Got a gossamer rune of Zot
 24999 | Shoals:1 | Entered Level 1 of the Shoals
 25787 | Shoals:2 | Identified the +1 pair of gloves "Ymoetoj" {rN+ Will+}
 26235 | Shoals:2 | Noticed Donald
 26242 | Shoals:2 | Killed Donald
 26526 | Shoals:3 | Noticed Ilsuiw
 26538 | Shoals:3 | Killed Ilsuiw
 27244 | Shoals:4 | Entered Level 4 of the Shoals
 27369 | Shoals:4 | Reached XP level 19. HP: 130/130 MP: 20/20
 27435 | Shoals:4 | Got a barnacled rune of Zot
 27633 | Shoals:4 | Identified the +4 ring mail "Bylyalum" {Int+2}
 27683 | Shoals:4 | Identified the +6 flail "Wyova" {speed, rElec rCorr}
 28202 | Vaults:1 | Entered Level 1 of the Vaults
 28317 | Vaults:1 | Found Wobujum's Antique Armour Emporium.
 28341 | Vaults:1 | Found Fowoquoss's General Store.
 28352 | Vaults:1 | Bought a scroll of teleportation for 30 gold pieces
 28352 | Vaults:1 | Bought a scroll of poison for 40 gold pieces
 28352 | Vaults:1 | Bought a scroll of fear for 40 gold pieces
 28884 | Vaults:1 | Found Pesacem's Assorted Antiques.
 28892 | Vaults:1 | Bought a potion of curing for 108 gold pieces
 28892 | Vaults:1 | Bought a potion of curing for 108 gold pieces
 28892 | Vaults:1 | Bought 2 potions of curing for 216 gold pieces
 29057 | Vaults:1 | Reached XP level 20. HP: 139/139 MP: 21/21
 29236 | Vaults:1 | Found Ughon's Weapon Shoppe.
 29792 | Vaults:2 | Found a large runed translucent door.
 29792 | Vaults:2 | Found a large runed translucent door.
 29792 | Vaults:2 | Found a large runed translucent door.
 29792 | Vaults:2 | Found a large runed translucent door.
 29792 | Vaults:2 | Found a large runed translucent door.
 29792 | Vaults:2 | Found a large runed translucent door.
 29792 | Vaults:2 | Noticed RatherSlowDeath's ghost (adept DsEE)
 29793 | Vaults:2 | Found a large runed translucent door.
 29793 | Vaults:2 | Found a large runed translucent door.
 29890 | Vaults:2 | Noticed a bone dragon
 29905 | Vaults:2 | Killed a bone dragon
 30065 | Vaults:2 | Found Sexzewuo's Assorted Antiques.
 30745 | Vaults:2 | Found a staircase to the Crypt.
 30819 | Vaults:2 | Killed RatherSlowDeath's ghost
 31166 | Vaults:3 | Paralysed by a great orb of eyes for 5 turns
 31694 | Vaults:3 | Paralysed by a great orb of eyes for 3 turns
 32328 | Vaults:4 | Found a large runed translucent door.
 32328 | Vaults:4 | Found a large runed translucent door.
 32328 | Vaults:4 | Noticed Iwinoaro's ghost (adept DjSu)
 32384 | Vaults:4 | Reached XP level 21. HP: 149/149 MP: 22/22
 33351 | Spider:4 | Killed gabibbone's ghost
 33374 | Spider:4 | Identified the ring of Esuogh {Will+ Int-5 Dex+5}
 33733 | Depths:1 | Entered Level 1 of the Depths
 34053 | Elf:1    | Entered Level 1 of the Elven Halls
 34228 | Abyss:2  | Cast into level 2 of the Abyss (a deep elf demonologist)
 34249 | Elf:1    | Escaped the Abyss
 34249 | Elf:1    | Noticed Zenata
 34273 | Elf:1    | Killed from afar by Zenata

Illustrated notes

Levels and vault maps discovered:
D:1:      lightli_arrival_windingriver, layout_loops_ring,
          dreamdust_ecumenical_altar_drowned_temple, kennysheep_crisscross
D:2:      layout_rooms, hangedman_feature_mirror, supply_closet_lemuel
D:3:      layout_loops_ring, kennysheep_small_spiral
D:4:      layout_basic, ebering_ghost_disaster_area, kennysheep_doodads,
          kennysheep_generic_room_13
D:5:      layout_gridville
D:6:      layout_basic, temple_statues, hangedman_decor_push,
          nicolae_shop_firing_range, uniq_menkaure
D:7:      layout_cave_pools, enter_ossuary_4
D:8:      layout_basic, minmay_misc_feat_secret_circle, uniq_maggie
D:9:      layout_loops_ring, zombieorc2_lemuel, enter_bailey_5,
          hangedman_decor_peaks_small, uniq_harold, uniq_erica, uniq_psyche
D:10:     layout_irregular_city, nicolae_overflow_two_pavilions,
          lair_entry_dummy, serial_column_ruins, column_ruins_hut,
          column_ruins_hut_ruined, column_ruins_grid_4, column_ruins_corridor_T,
          column_ruins_columns_straight, column_ruins_open_tiny, grunt_potential
D:11:     layout_roguey, gauntlet_entry_generic
D:12:     layout_roguey, nzn_wu_jian_council_hall, uniq_urug
D:13:     layout_long_grid, hangedman_vaults_entry_quadrant_bands, serial_shops,
          shop, nicolae_stop_n_shop_1, nicolae_diamond_shop,
          nicolae_shop_hallway_stairs, nicolae_stop_n_shop_2
D:14:     minmay_blocky_corners, layout_loops_ring,
          nicolae_trove_entry_crossroad, gammafunk_ghost_stat_death, the_hattery
D:15:     hangedman_depths_entry_civil_slaughter, layout_basic,
          fedhas_altar_fruit_tree, hangedman_decor_points
Temple:   nicolae_temple_slightly_damp_pantheon
Lair:1:   layout_cave_shapes
Lair:2:   layout_roguey [special_room_bee], elwin_shoals_entry_rooms,
          chequers_serial_rivers_small_3
Lair:3:   layout_loops_ring, spider_nest_entry_web_field,
          ebering_ghost_inner_flame, grunt_megastairs_5, uniq_kirke
Lair:4:   layout_roguey, nzn_random_ring
Lair:5:   hangedman_lair_caniforms_friends, layout_concentric_octagons,
          hangedman_lair_tendril_chambers, minmay_slime_entry_eyes,
          nzn_masters_of_martial_movement
Shoals:1: layout_shoals, nicolae_shoals_water_shrine
Shoals:2: layout_shoals, nicolae_shoals_kraken_party, uniq_donald
Shoals:3: cheibrodos_shoals_roost, layout_shoals, uniq_ilsuiw
Shoals:4: shoals_end_hellmonk_lost_city
Spider:1: layout_cave_pods, nicolae_spider_some_kinda_spiderbox
Spider:2: layout_spider_delve, hangedman_spider_tarantella_strand, uniq_arachne
Spider:3: layout_spider_delve
Spider:4: spider_rune_water, gammafunk_ghost_mausoleum, uniq_louise
Orc:1:    minmay_goldmine, layout_diamond_mine, basic_altar
Orc:2:    st_orc_elflike, layout_diamond_mine, portal_ice_cave_entry_imps
Elf:1:    layout_loops_cross, minmay_elf_demonology,
          nicolae_elf_shapeshifter_party, grunt_megastairs_3, uniq_zenata
Vaults:1: vaults_room_fours, v_rooms_6, v_misc_24, vaults_room_ringed_pool,
          v_misc_26, nicolae_vaults_shelves_hall, nicolae_vaults_network_star,
          ontoclasm_vaults_spin, nicolae_vaults_quadrants, v_misc_33,
          vaults_room_semicircle, vaults_room_stairs_pillars, vaults_dpeg_hooks,
          v_misc_22, ontoclasm_vaults_decontamination,
          nicolae_vaults_little_squares_4, layout_vaults_omnicross,
          serial_shops, nicolae_shop_overgrown_old_shop,
          nicolae_shop_waterfront, nicolae_shop_stone, shop_statue
Vaults:2: advil_vaults_ghost_lines, vaults_room_pool, hangedman_vaults_pinch,
          minmay_crypt_entry_nasty_monster, vaults_standard_mumra_lines,
          v_pattern_5, grunt_vaults_hallway_long, grunt_vaults_hallway_short,
          grunt_vaults_diagonal, layout_vaults_chaotic_city, serial_shops, shop
Vaults:3: hangedman_vaults_variations, ontoclasm_vaults_eye,
          nicolae_vaults_little_squares_6, ontoclasm_vaults_ring_square,
          nicolae_vaults_little_squares_1, nicolae_vaults_shelves_hall,
          vaults_standard_mumra_enter_the_diamond,
          ontoclasm_vaults_claustrophobia, nicolae_vaults_fighting_squares,
          layout_vaults_omnigrid
Vaults:4: advil_vaults_ghost_guards, v_rooms_3, ontoclasm_vaults_pinch,
          nicolae_vaults_network_quinsquares
          [nicolae_vaults_network_quincunx_subvault,
          nicolae_vaults_network_quincunx_subvault,
          nicolae_vaults_network_quincunx_subvault,
          nicolae_vaults_network_quincunx_subvault], hangedman_vaults_maws,
          v_misc_27, v_rooms_2, serial_ice_b, nicolae_vaults_little_squares_3,
          v_misc_5, nicolae_vaults_diagonal_hallway_7,
          vaults_mumra_chevron_long, grunt_vaults_hallway_long,
          layout_vaults_maze_bifur
Depths:1: due_jory_tower, layout_cave_pools, enter_ziggurat_d, lightli_too_deep,
          nicolae_gozag_cash_rules_everything_around_me, nicolae_lava_and_water,
          minmay_crystal_room, kennysheep_generic_room_7

Skill      XL: |  1  2  3  4  5  6  7  8  9 10 11 12 13 14 15 16 17 18 19 20 21 |
---------------+----------------------------------------------------------------+-----
Ranged Weapons | 5 6 7 9 10 12 14 15 18 20 22 | 22.5
Evocations     | 3 5 7 9 10 11 12 | 12.0
Dodging        | 5 9 12 15 17 19 20 22 | 22.0
Fighting       | 4 8 11 13 15 17 19 21 22 | 22.0
Stealth        | |  1.0

Action                   |  1- 3 |  4- 6 |  7- 9 | 10-12 | 13-15 | 16-18 | 19-21 || total
-------------------------+-------+-------+-------+-------+-------+-------+-------++-------
 Fire: Shortbow          |    91 |   204 |   113 |       |       |       |       ||   408
       Arbalest          |       |       |    44 |       |       |       |       ||    44
       Triple crossbow   |       |       |   124 |   576 |       |       |       ||   700
       Longbow           |       |       |       |       |  1339 |  1526 |  1168 ||  4033
 Abil: Evoke Blink       |       |       |       |       |     1 |       |       ||     1
Evoke: Wand              |       |       |       |     7 |     2 |     2 |       ||    11
       Condenser vane    |       |       |       |       |       |     2 |     1 ||     3
  Use: Scroll            |     4 |     7 |    10 |     7 |     8 |     9 |     1 ||    46
       Potion            |       |       |     2 |     7 |     1 |     5 |     1 ||    16
Armor: Leather armour    |    24 |    18 |    28 |    14 |       |       |       ||    84
       Steam dragon scal |       |       |       |    32 |    54 |    59 |    22 ||   167
Dodge: Dodged            |    63 |    68 |   127 |   312 |   449 |   803 |   515 ||  2337

Table legend: (Time is in decaauts)
 A = Elapsed time spent in this place.
 B = Non-inter-level travel time spent in this place.
 C = Inter-level travel time spent in this place.
 D = Time resting spent in this place.
 E = Time spent auto-exploring this place.
 F = Levels seen in this place.
 G = Mean time per level.
                   A        B        C        D        E       F      G
               +--------+--------+--------+--------+--------+-----+--------+
         Total |  30676 |  27111 |   3565 |   2076 |  18585 |  40 |  766.9 |
       Dungeon |  12102 |  10251 |   1851 |    676 |   7200 |  15 |  806.8 |
        Temple |    197 |    149 |     48 |      0 |    128 |   1 |  197.0 |
          Lair |   4505 |   3865 |    640 |    165 |   2750 |   5 |  901.0 |
        Shoals |   2567 |   2405 |    162 |      8 |   1761 |   4 |  641.8 |
   Spider Nest |   4284 |   3931 |    353 |    958 |   2146 |   4 | 1071.0 |
  Orcish Mines |   1829 |   1585 |    244 |    160 |    965 |   2 |  914.5 |
   Elven Halls |    160 |    160 |      0 |      0 |    102 |   1 |  160.0 |
        Vaults |   4230 |   3988 |    242 |      0 |   3247 |   4 | 1057.5 |
        Depths |     91 |     70 |     21 |      0 |     38 |   1 |   91.0 |
         Abyss |     18 |     18 |      0 |      0 |      9 |   1 |   18.0 |
       Ossuary |    310 |    310 |      0 |      0 |    122 |   1 |  310.0 |
        Bailey |    378 |    378 |      0 |    107 |    111 |   1 |  378.0 |
               +--------+--------+--------+--------+--------+-----+--------+

Top non-repeatable levels by time:
Spider:4: 1666 daAuts
Vaults:1: 1336 daAuts
  Lair:5: 1217 daAuts
Spider:1: 1193 daAuts
     D:6: 1137 daAuts
Vaults:3: 1071 daAuts
    D:10: 1054 daAuts
Vaults:2: 1006 daAuts
    D:13: 990 daAuts
   Orc:1: 986 daAuts
     D:8: 935 daAuts
Spider:2: 929 daAuts
     D:4: 927 daAuts
     D:9: 886 daAuts
  Lair:2: 879 daAuts
